 Dungeon Crawl Stone Soup version 0.30-a0-1016-gfb0d676c02 (webtiles) character file.

Game seed: 9924024060621466033

264 dialectric the Covert (level 6, -4/41 HPs)
             Began as an Octopode Brigand on Apr 6, 2023.
             Was a Believer of Nemelex Xobeh.
             Killed by divine providence
             ... invoked by an orc priest
              (16 damage)
             ... on level 3 of the Dungeon.
             The game lasted 00:04:00 (2172 turns).

dialectric the Covert (Octopode Brigand)            Turns: 2172, Time: 00:04:01

Health: -4/41      AC:  1    Str: 11    XL:     6   Next: 19%
Magic:  6/6        EV: 13    Int: 13    God:    Nemelex Xobeh [**....]
Gold:   112        SH:  5    Dex: 15    Spells: 5/5 levels left

rFire   . . .      SeeInvis .    a - +2 dagger
rCold   . . .      Faith    .    (no shield)
rNeg    . . .      Spirit   .    (helmet restricted)
rPois   .          Reflect  +    l - amulet of reflection
rElec   .          Rampage  .    (no ring)
rCorr   .                        (no ring)
Will    .....                    (no ring)
Stlth   +++++                    (no ring)
HPRegen 0.26/turn                (no ring)
MPRegen 0.10/turn                (no ring)
                                 (no ring)
                                 (no ring)

@: no status effects
A: almost no armour, amphibious, 8 rings, camouflage 1, gelatinous body 1,
(nimble swimmer 1), tentacles
a: Renounce Religion, Draw Escape, Draw Destruction, Draw Summoning


You were on level 3 of the Dungeon.
You worshipped Nemelex Xobeh.
Nemelex Xobeh was pleased with you.
You visited 1 branch of the dungeon, and saw 3 of its levels.
You also visited: Sewer.

You collected 112 gold pieces.

Inventory:

Hand Weapons
 a - a +2 dagger (weapon)
Missiles
 b - 14 poisoned darts (quivered)
 c - a curare-tipped dart
Jewellery
 g - a ring of ice
 l - an amulet of reflection (around mantle)
 t - a +6 ring of intelligence
Scrolls
 e - 2 scrolls of amnesia {unknown}
 f - 3 scrolls of enchant weapon {unknown}
 j - a scroll of vulnerability {unknown}
 m - 3 scrolls of teleportation {unknown}
 n - a scroll of noise {unknown}
 q - 2 scrolls of fear {unknown}
 r - a scroll of fog {unknown}
Potions
 d - a potion of attraction {unknown}
 h - a potion of degeneration {unknown}
 i - 2 potions of curing {unknown}
 k - 2 potions of brilliance {unknown}
 o - a potion of resistance {unknown}
 p - a potion of haste {unknown}
 s - a potion of cancellation {unknown}


   Skills:
 + Level 2.6 Fighting
 + Level 3.8 Short Blades
 + Level 2.4 Throwing
 + Level 1.5 Dodging
 + Level 8.1 Stealth
 - Level 0.1 Shields


You had 5 spell levels left.
You didn't know any spells.
Your spell library contained the following spells:

 Spells                   Type           Power      Damage    Failure   Level
 Scorch                   Fire           0%         2d5       43%         2
 Flame Wave               Conj/Fire      0%         2d4       97%         4
 Fulminant Prism          Conj/Hex       0%         3d5       97%         4
 Leda's Liquefaction      Hex/Erth       0%         N/A       97%         4
 Agony                    Necr           0%         N/A       100%        5
 Summon Cactus Giant      Summ           0%         N/A       100%        6


Dungeon Overview and Level Annotations

Branches:
Dungeon (3/15)              Sewer (visited)

Altars:
Nemelex Xobeh


Innate Abilities, Weirdness & Mutations

You cannot wear most types of armour.
You are amphibious.
You can wear up to eight rings at the same time.
Your skin changes colour to match your surroundings (Stealth+).
Your rubbery body absorbs attacks. (AC +1, EV +1)
((You are camouflaged when in or above water. (Stealth+)))
You have tentacles for arms and can constrict up to eight enemies at once.


Message History

There is an open door here.
An orc priest is nearby!
An orc priest is nearby!
An orc priest is nearby!
An endoplasm comes into view.
There are monsters nearby!
There are monsters nearby!
The orc priest invokes the aid of Beogh against you.
Beogh smites you!
The endoplasm quivers.
There is an open door here.
The orc priest drinks a potion.
The orc priest flickers and vanishes!
Deactivating autopickup; reactivate with Ctrl-A.
The endoplasm barely misses you.
You hit the endoplasm.
The endoplasm is moderately wounded.
Something hits you. The endoplasm hits you.
You hit the endoplasm but do no damage.
The endoplasm is moderately wounded.
You block the endoplasm's attack. Something hits you.
You are too injured to fight recklessly!
You are too injured to fight recklessly!
Unknown command.
The endoplasm attacks as you move away! The endoplasm closely misses you.
Pain shoots through your body!
There is an open door here.
The endoplasm attacks as you move away! You block the endoplasm's attack.
You see here a +6 ring of intelligence.
You open the door.
An adder comes into view.
The endoplasm freezes you.
You are frozen.
* * * LOW HITPOINT WARNING * * *
Found a scroll labelled FEINTI ROUFF and a green potion.
t - a +6 ring of intelligence You block the endoplasm's attack.
You hear something call down the wrath of Beogh upon you.
Beogh smites you!
You die...
Your body disappears without a glow.

#.......'...'...†(..#.....##
#.......#...#.......#.).....
##.....##...##.....##.......
##...###...###...###.......
##### #...# ##### #.......
##...###...# ...# #.......
##.....##...# ..... #.......
#.......#...#...... #.......
#.......'.J@'...S?. #.......
#.......#...#...!.. #.......
##.....##...# ..... #####...
##...###...# ...# ..## ####
#...# ### ... #...# #...#
#...#


You could see an adder (asleep) and an endoplasm.

Vanquished Creatures
  Pargi (Sewer)
  4 gnolls (D:2)
  6 adders
  A worm (D:2)
  4 dart slugs
  2 orcs (D:3)
  6 ball pythons
  7 bats
  4 endoplasms
  3 giant cockroaches
  5 goblins
  12 hobgoblins
  A quokka (D:1)
  4 frilled lizards
  5 kobolds
  4 rats
69 creatures vanquished.

Vanquished Creatures (others)
  3 demonic plants (D:2)
  4 fungi (D:2)
  4 plants (D:2)
11 creatures vanquished.

Grand Total: 80 creatures vanquished

Notes
Turn   | Place    | Note
-------+----------+-------------------------------------------
     0 | D:1      | dialectric the Octopode Brigand began the quest for the
                  | Orb.
     0 | D:1      | Reached XP level 1. HP: 14/14 MP: 1/1
    95 | D:1      | Reached XP level 2. HP: 13/19 MP: 2/2
   191 | D:1      | Reached skill level 6 in Stealth
   323 | D:1      | Reached XP level 3. HP: 21/24 MP: 3/3
   840 | D:2      | Found a faded altar of an unknown god.
   865 | D:2      | Prayed at the altar of an unknown god.
   865 | D:2      | Became a worshipper of Nemelex Xobeh the Trickster
   865 | D:2      | Reached * piety under Nemelex Xobeh
  1012 | D:2      | Received a gift from Nemelex Xobeh
  1201 | D:2      | Identified the +6 ring mail of Somewhere Else {rN+ Dex+2}
  1209 | D:2      | Reached skill level 7 in Stealth
  1209 | D:2      | Reached XP level 4. HP: 28/29 MP: 4/4
  1233 | D:2      | Got the Essays on Execration and the Catacomb
  1390 | D:2      | Reached XP level 5. HP: 17/35 MP: 5/5
  1766 | D:3      | Found a glowing drain.
  1778 | Sewer    | Entered a sewer
  1824 | Sewer    | Noticed Pargi
  1844 | Sewer    | Killed Pargi
  1845 | Sewer    | Reached skill level 8 in Stealth
  1845 | Sewer    | Reached XP level 6. HP: 22/41 MP: 6/6
  2116 | D:3      | Reached ** piety under Nemelex Xobeh
  2172 | D:3      | Killed from afar by an orc priest

Illustrated notes

Levels and vault maps discovered:
D:1:      onia_arrival_pyramid, layout_loops_ring, minmay_misc_feat_roman
D:2:      layout_loops_ring, shapermc_ecumenical_altar_gd, serial_aquarium,
          aquarium_bridge_square [aquarium_subvault_window,
          aquarium_subvault_window, aquarium_subvault_wall,
          aquarium_subvault_bridge], aquarium_bridge_square
          [aquarium_subvault_bridge, aquarium_subvault_window,
          aquarium_subvault_balcony, aquarium_subvault_balcony],
          aquarium_window_2, aquarium_window_fake, aquarium_window_2,
          aquarium_view_2c
D:3:      kennysheep_six_static_rooms, layout_rooms,
          mainiacjoe_overflow_alcove_2, portal_sewer_entry_d

Skill      XL: |  1  2  3  4  5 |
---------------+----------------+-----
Stealth        | 6 7 8 |  8.1
Short Blades   | 3 |  3.8
Fighting       | |  2.6
Throwing       | |  2.4
Dodging        | |  1.5
Shields        | |  0.1

Action                     |  1- 3 |  4- 6 || total
---------------------------+-------+-------++-------
  Melee: Dagger            |    78 |    50 ||   128
         Constrict         |    18 |    10 ||    28
         Tentacles         |    13 |     6 ||    19
         Punch             |     3 |       ||     3
  Throw: Dart              |       |    11 ||    11
    Use: Scroll            |       |     1 ||     1
   Stab: Sleeping          |    13 |    10 ||    23
 Armour: Skin              |     9 |     4 ||    13
  Dodge: Dodged            |    45 |    23 ||    68
  Block: Other             |     1 |    11 ||    12

Table legend: (Time is in decaauts)
 A = Elapsed time spent in this place.
 B = Non-inter-level travel time spent in this place.
 C = Inter-level travel time spent in this place.
 D = Time resting spent in this place.
 E = Time spent auto-exploring this place.
 F = Levels seen in this place.
 G = Mean time per level.
                   A        B        C        D        E       F      G
               +--------+--------+--------+--------+--------+-----+--------+
         Total |   2153 |   2090 |     63 |     33 |   1428 |   4 |  538.2 |
       Dungeon |   1879 |   1816 |     63 |     33 |   1270 |   3 |  626.3 |
         Sewer |    274 |    274 |      0 |      0 |    158 |   1 |  274.0 |
               +--------+--------+--------+--------+--------+-----+--------+

Top non-repeatable levels by time:
     D:2: 991 daAuts
     D:1: 633 daAuts
   Sewer: 274 daAuts
     D:3: 254 daAuts
